 Dungeon Crawl Stone Soup version 0.28-a0-793-g31680bbd8b (webtiles) character file.

Game seed: 3723043187480121375

6582 kae the Grappler (level 10, -2/94 (103) HPs)
             Began as a Purple Draconian Transmuter on Nov 3, 2021.
             Was an Initiate of Ru.
             Slain by Grum (23 damage)
             ... on level 9 of the Dungeon.
             The game lasted 00:11:21 (13214 turns).

kae the Grappler (Purple Draconian Transmuter)     Turns: 13214, Time: 00:11:22

HP:   -2/94 (103)   AC:  7    Str: 13    XL:     10   Next: 71%
MP:   19/21         EV: 12    Int: 16    God:    Ru [......]
Gold: 626           SH:  0    Dex: 16    Spells: 15/23 levels left

rFire   x . .      SeeInvis .     - Unarmed
rCold   + + +      Faith    .   (shield currently unavailable)
rNeg    + . .      Spirit   .   (armour unavailable)
rPois   +          Reflect  .   (helmet currently unavailable)
rElec   .          Harm     .   (cloak currently unavailable)
rCorr   .          Rampage  .   (gloves currently unavailable)
Will    +....                   (boots currently unavailable)
Stlth   +.........              s - amulet of regeneration
HPRegen 1.25/turn               b - ring of positive energy
MPRegen 0.17/turn               m - +6 ring of dexterity

@: ice-form, drained
A: freezing attack, amphibious, boosted hp, (breathe power), AC +7, large,
unfitting armour, clumsy 1, (cold-blooded)
a: End Transformation, Renounce Religion


You were on level 9 of the Dungeon.
You worshipped Ru.
Ru was noncommittal.
You were a creature of crystalline ice.
You visited 2 branches of the dungeon, and saw 10 of its levels.

You collected 626 gold pieces.

Inventory:

Missiles
 e - 4 throwing nets
Armour
 g - a +1 hat (melded)
 k - a +0 cloak (melded)
Jewellery
 b - a ring of positive energy (left front paw)
 i - an amulet of reflection
 m - a +6 ring of dexterity (right front paw)
 r - a ring of willpower
 s - an amulet of regeneration (around neck)
Wands
 a - a wand of paralysis (24)
 f - a wand of charming (3)
 q - a wand of flame (19)
 u - a wand of acid (8)
 w - a wand of digging (7)
 x - a wand of iceblast (11)
Scrolls
 n - 6 scrolls of identify
 t - 2 scrolls of brand weapon
Potions
 c - a potion of might
 d - 3 potions of mutation
 h - 4 potions of curing
 j - 2 potions of degeneration
 l - a potion of flight
 o - 2 potions of heal wounds
 p - a potion of invisibility
 v - a potion of lignification {unknown}


   Skills:
 + Level 7.0 Fighting
 + Level 6.1 Dodging
 * Level 9.7 Unarmed Combat
 + Level 7.4 Spellcasting
 + Level 6.6 Transmutations
 - Level 4.0 Ice Magic
 - Level 2.0 Poison Magic


You had 15 spell levels left.
You knew the following spells:

 Your Spells              Type           Power      Damage    Failure   Level
a - Beastly Appendage     Tmut           54%        N/A       1%          1
b - Spider Form           Tmut/Pois      19%        N/A       6%          3
c - Ice Form              Ice/Tmut       22%        N/A       14%         4

Your spell library contained the following spells:

 Spells                   Type           Power      Damage    Failure   Level
 Wereblood                Tmut           27%        N/A       1%          2
 Passwall                 Tmut/Erth      13%        N/A       4%          2
 Foxfire                  Conj/Fire      20%        2x1d5     12%         1
 Sublimation of Blood     Necr           5%         N/A       19%         2
 Petrify                  Tmut/Erth      16%        N/A       30%         4
 Stone Arrow              Conj/Erth      10%        3d7       34%         3
 Swiftness                Air            5%         N/A       34%         3
 Irradiate                Conj/Tmut      8%         3d16      65%         5
 Invisibility             Hex            2%         N/A       100%        6
 Lehudib's Crystal Spear  Conj/Erth      2%         10d2      100%        8
 Animate Armour           Summ/Erth      Unusable   N/A       N/A         4

Dungeon Overview and Level Annotations

Branches:
Dungeon (9/15)             Temple (1/1) D:6            Lair (0/6) D:9
    Orc (0/2) D:9

Altars:
Ashenzari
Cheibriados
Dithmenos
Elyvilon
Fedhas
Gozag
Hepliaklqana
Kikubaaqudgha
Makhleb
Nemelex Xobeh
Okawaru
Qazlal
Ru
Sif Muna
Trog
Uskayaw
Vehumet
Wu Jian
Xom
Yredelemnul
Zin
The Shining One

Shops:
D:9 [(

Annotations:
D:7 1 runed translucent door, exclusion: 3 doors, Swippen's ghost, novice GnFi
D:9 Grum


Innate Abilities, Weirdness & Mutations

You are a creature of crystalline ice.
You have a powerful freezing melee attack.
You are amphibious.
Your maximum health is increased.
Your armour is entirely melded.
You are incapable of wielding weapons or throwing items.
((You can breathe bolts of dispelling energy.))
((Your rich purple scales are hard. (AC +7)))
You cannot fit into any form of body armour.
You are clumsy. (Dex -2)
((You are cold-blooded and may be slowed by cold attacks.))


Message History

There are monsters nearby!
Casting: Ice Form (dangerous; 14% risk of failure)
Confirm with . or Enter, or press ? or * to list all spells.
You turn into a creature of crystalline ice.
Your +0 cloak melds into your body.
Your +1 hat melds into your body.
Grum growls angrily.
A wolf comes into view.
The wolf howls!
You hear a howl!
A wolf comes into view. x2
The wolf bites you but does no damage. The wolf barely misses you.
You closely miss the wolf. The wolf bites you.
You hit the wolf. You freeze the wolf.
The wolf is moderately wounded.
The wolf bites you but does no damage.
Grum drinks a potion.
Grum goes berserk!
The wolf misses you.
You completely miss the wolf.
The wolf is moderately wounded.
The wolf bites you.
You completely miss the wolf.
The wolf is moderately wounded.
The wolf howls!
Grum hits you from afar with a -1 spear of flaming!
Grum melts you!
You hit the wolf. You freeze the wolf.
The wolf is moderately wounded.
The wolf bites you but does no damage.
Grum hits you from afar with a -1 spear of flaming!!
Grum melts you!
* * * LOW HITPOINT WARNING * * *
The wolf bites you but does no damage.
You are too injured to fight recklessly!
You are too injured to fight recklessly!
You are too injured to fight recklessly!
The wolf barely misses you. The wolf bites you but does no damage.
The wolf barely misses you.
There is a stone staircase leading up here.
The wolf closely misses you. The wolf bites you.
* * * LOW HITPOINT WARNING * * *
Grum hits you from afar with a -1 spear of flaming!!
You die...

......# #...[.
......# .....
#'##### ... #.# #'##
#.# #..## ..# ##hh#
.#### #######g###
....# #.....h.h.#
....######......Y..#
...................#
....######.........#
....# ###########
....# ....# #####


You could see Grum (berserk) and 4 wolves.

Vanquished Creatures
  A boulder beetle (D:8)
  A manticore (D:8)
  A blink frog (shapeshifter) (D:8)
  5 yaks (D:5)
  A wyvern (D:6)
  Edmund (D:4)
  2 water moccasins
  2 ice beasts
  A sky beast (D:7)
  2 orc warriors
  3 ogres
  5 centaurs
  2 wyvern zombies (D:6)
  4 gnoll sergeants (D:7)
  3 scorpions
  2 bullfrogs (D:7)
  A water moccasin zombie (D:6)
  10 wights
  A howler monkey (D:6)
  8 centaur zombies
  4 bullfrog zombies
  2 orc priests
  A bullfrog skeleton (D:6)
  4 gnoll shamans
  9 hounds
  2 centaur skeletons (D:7)
  5 iguanas
  9 orc wizards
  2 killer bee zombies
  A hound zombie (D:5)
  3 hound skeletons
  2 howler monkey zombies
  10 adders
  20 gnolls
  2 white imps (D:7)
  2 ufetubi (D:7)
  2 worms
  3 dart slugs
  28 orcs
  9 endoplasms
  4 giant cockroaches
  5 goblins
  10 hobgoblins
  3 jackals
  8 kobolds
  4 quokkas
  11 ball pythons
  7 bats
  4 frilled lizards
  12 rats
244 creatures vanquished.

Vanquished Creatures (collateral kills)
  A centaur warrior (D:8)
  A centaur (D:8)
2 creatures vanquished.

Vanquished Creatures (others)
  A sky beast (D:8)
  29 plants
30 creatures vanquished.

Grand Total: 276 creatures vanquished

Notes
Turn   | Place    | Note
-------+----------+-------------------------------------------
     0 | D:1      | kae the Draconian Transmuter began the quest for the Orb.
     0 | D:1      | Reached XP level 1. HP: 16/16 MP: 3/3
   276 | D:1      | Reached XP level 2. HP: 23/23 MP: 3/5
   947 | D:2      | Reached XP level 3. HP: 11/29 MP: 4/6
  1216 | D:2      | Learned a level 3 spell: Spider Form
  1281 | D:2      | Found a faded altar of an unknown god.
  1943 | D:2      | Reached XP level 4. HP: 35/36 MP: 5/7
  2329 | D:2      | Reached skill level 1 in Poison Magic
  2946 | D:3      | Noticed an ice beast
  2964 | D:3      | Killed an ice beast
  2965 | D:3      | Reached skill level 4 in Unarmed Combat
  2965 | D:3      | Reached XP level 5. HP: 18/42 MP: 4/9
  3523 | D:3      | Found a sparkling altar of Nemelex Xobeh.
  3605 | D:3      | Found an ancient bone altar of Kikubaaqudgha.
  3842 | D:4      | Found a glowing golden altar of the Shining One.
  3842 | D:4      | Found an opulent altar of Gozag.
  3910 | D:4      | Reached XP level 6. HP: 46/50 MP: 8/10
  3975 | D:4      | Noticed Edmund
  3994 | D:4      | HP: 1/50 [Edmund (12)]
  4003 | D:4      | Killed Edmund
  4721 | D:4      | Reached skill level 5 in Unarmed Combat
  5451 | D:5      | Entered Level 5 of the Dungeon
  5488 | D:5      | Your scales start taking on a rich purple colour.
  5488 | D:5      | Reached XP level 7. HP: 57/57 MP: 9/13
  5924 | D:5      | Noticed a yak
  5924 | D:5      | Noticed a yak
  5924 | D:5      | Noticed a yak
  5938 | D:5      | Learned a level 4 spell: Ice Form
  5943 | D:5      | Noticed a yak
  5947 | D:5      | Killed a yak
  5948 | D:5      | Noticed a yak
  5962 | D:5      | Killed a yak
  5963 | D:5      | Reached skill level 6 in Unarmed Combat
  5963 | D:5      | Reached XP level 8. HP: 40/66 MP: 8/14
  5972 | D:5      | Reached skill level 5 in Spellcasting
  6555 | D:5      | Reached skill level 1 in Ice Magic
  7134 | D:6      | Reached skill level 7 in Unarmed Combat
  7247 | D:6      | Found a staircase to the Ecumenical Temple.
  7274 | D:6      | Reached skill level 5 in Fighting
  7274 | D:6      | Reached XP level 9. HP: 52/74 MP: 15/17
  7381 | Temple   | Entered the Ecumenical Temple
  7647 | Temple   | Became a worshipper of Ru the Awakened
  7833 | D:6      | Reached skill level 5 in Transmutations
  8252 | D:6      | Found a radiant altar of Vehumet.
  8549 | D:6      | Found a basalt altar of Yredelemnul.
  8869 | D:7      | Found a runed translucent door.
  8869 | D:7      | Noticed Swippen's ghost (novice GnFi)
  8983 | D:7      | Identified the +10 hand axe "Berghun" {antimagic, Will+}
  9390 | D:7      | Reached skill level 5 in Dodging
  9391 | D:7      | Reached skill level 8 in Unarmed Combat
  9418 | D:7      | Gained mutation: You are clumsy. (Dex -2) [Ru sacrifice]
  9472 | D:7      | Found a blossoming altar of Fedhas.
 10209 | D:7      | Noticed a boulder beetle
 10270 | D:7      | Reached XP level 10. HP: 68/83 MP: 19/19
 11602 | D:8      | Noticed a boulder beetle
 11603 | D:8      | Noticed a centaur warrior
 11607 | D:8      | Noticed a manticore
 11625 | D:8      | Killed a centaur warrior
 11626 | D:8      | Killed a manticore
 11628 | D:8      | Reached skill level 9 in Unarmed Combat
 12035 | D:8      | Killed a boulder beetle
 12389 | D:8      | Found a shimmering blue altar of Sif Muna.
 12408 | D:8      | Got Sif Muna's Volume of Fire
 12760 | D:9      | Found Zuig's Armour Shop.
 12921 | D:9      | Found a staircase to the Orcish Mines.
 12921 | D:9      | Found Egeola Lonol's Weapon Emporium.
 13015 | D:9      | Found a staircase to the Lair.
 13200 | D:9      | Noticed Grum
 13214 | D:9      | Slain by Grum

Illustrated notes

Levels and vault maps discovered:
D:1:      lemuel_arrival_river_ford, layout_loops_ring
D:2:      minmay_razor_zed, layout_basic, ebering_ecumenical_altar_petrified
D:3:      minmay_wonky_spiral, layout_rooms, mainiacjoe_overflow_swirl,
          grunt_decor_fettered, hex_tiny
D:4:      layout_loops_ring, gammafunk_temple_overflow_wave, uniq_edmund
D:5:      layout_cave_pods
D:6:      layout_cave_pools, mainiacjoe_overflow_paths,
          nicolae_yredelemnul_corpse_copse, minmay_temple_entry_stoned_glass
D:7:      nzn_winding_woodlands_three_and_one
          [nzn_winding_woodlands_5x15_concentric,
          nzn_winding_woodlands_5x15_sidewinder,
          nzn_winding_woodlands_5x15_pathside_ponds,
          nzn_winding_woodlands_center_diamonds], layout_cave_pools,
          mainiacjoe_overflow_alcove_2, serial_gnoll_camp,
          gnoll_camp_mini_loothouse, gnoll_camp_huts_basic, gnoll_camp_mini_hut,
          gnoll_camp_mini_sergeant, gnoll_camp_mini_hut, gammafunk_ghost_grave
D:8:      minmay_curly_fans, layout_basic, led_sif_book, grunt_ministairs_3
D:9:      layout_roguey, david_lair_shrubbed, orc_david_3, serial_shops,
          kennysheep_mini, nicolae_stop_n_shop_2, uniq_grum
Temple:   dpeg_chambers_temple

Skill      XL: |  1  2  3  4  5  6  7  8  9 10 |
---------------+-------------------------------+-----
Dodging        | 2 3 4 5 6 |  6.1
Poison Magic   | 1 2 |  2.0
Fighting       | 2 3 4 5 6 7 |  7.0
Unarmed Combat | 4 5 6 7 8 9 |  9.7
Spellcasting   | 4 5 6 7 |  7.4
Transmutations | 3 4 5 6 |  6.6
Ice Magic      | 2 4 |  4.0

Action                   |  1- 3 |  4- 6 |  7- 9 | 10-12 || total
-------------------------+-------+-------+-------+-------++-------
Melee: Unarmed           |   122 |   199 |   353 |   140 ||   814
       Kick              |    14 |    24 |       |       ||    38
       Headbutt          |     9 |    26 |       |       ||    35
       Tailslap          |     6 |    21 |     5 |     1 ||    33
       Punch             |     1 |     3 |     3 |       ||     7
 Cast: Beastly Appendage |    27 |    34 |       |     4 ||    65
       Spider Form       |       |     9 |    14 |       ||    23
       Ice Form          |       |       |    23 |    21 ||    44
Invok: Sacrifice Purity  |       |       |     1 |       ||     1
Evoke: Wand              |       |       |       |     6 ||     6
  Use: Scroll            |     2 |     9 |     5 |     2 ||    18
       Potion            |       |     2 |       |     3 ||     5
 Stab: Sleeping          |     1 |     2 |       |     1 ||     4
       Distracted        |       |       |     1 |       ||     1
       Invisible         |       |       |       |     1 ||     1
Armor: Skin              |    45 |    58 |    74 |    54 ||   231
Dodge: Dodged            |    84 |   138 |   236 |    87 ||   545
Block: Other             |       |       |    86 |     3 ||    89
       Reflection        |       |       |     1 |       ||     1

Table legend: (Time is in decaauts)
 A = Elapsed time spent in this place.
 B = Non-inter-level travel time spent in this place.
 C = Inter-level travel time spent in this place.
 D = Time resting spent in this place.
 E = Time spent auto-exploring this place.
 F = Levels seen in this place.
 G = Mean time per level.
                   A        B        C        D        E       F      G
               +--------+--------+--------+--------+--------+-----+--------+
         Total |  13133 |  12745 |    388 |    164 |  10672 |  10 | 1313.3 |
       Dungeon |  12845 |  12493 |    352 |    164 |  10435 |   9 | 1427.2 |
        Temple |    287 |    251 |     36 |      0 |    237 |   1 |  287.0 |
               +--------+--------+--------+--------+--------+-----+--------+

Top non-repeatable levels by time:
     D:7: 2302 daAuts
     D:4: 2030 daAuts
     D:2: 1771 daAuts
     D:6: 1675 daAuts
     D:5: 1396 daAuts
     D:8: 1327 daAuts
     D:3: 986 daAuts
     D:1: 909 daAuts
     D:9: 446 daAuts
  Temple: 287 daAuts
